[Event "Titled Tuesday Blitz November 15 Early 2022"]
[White "Andreikin, Dmitry"]
[Black "Svane, Frederik"]
[WhiteFideId "4158814"]
[BlackFideId "12923044"]
[WhiteElo "2736"]
[BlackElo "2466"]
[Result "0-1"]
[Round "07"]
[TimeControl "180+1"]
[Date "2022.11.15"]
[WhiteClock "0:00:33"]
[BlackClock "0:00:17"]

1. e4 c5 2. Nc3 Nc6 3. Nge2 g6 4. d4 cxd4 5. Nxd4 Bg7 6. Nxc6 bxc6 7. Bc4 d6 8. O-O Nf6 9. e5 dxe5 10. Qxd8+ Kxd8 11. Be3 e6 12. Rad1+ Kc7 13. Bc5 Bf8 14. Na4 Bxc5 15. Nxc5 Nd5 16. Rfe1 f6 17. Bb3 Rf8 18. c4 Ne7 19. Ba4 Rb8 20. b3 g5 21. Rd3 Nf5 22. h4 Nxh4 23. Red1 Nf5 24. Rd7+ Bxd7 25. Rxd7+ Kb6 26. Nxe6 Rfe8 27. c5+ Ka5 28. a3 Re7 29. Bxc6 Rxb3 30. Nd8 Rxd7 31. Bxd7 Nd4 32. g4 Rxa3 33. Kg2 Rc3 34. Nb7+ Kb4 0-1


[Site "https://www.chess.com"]

[Event "Titled Tuesday Blitz November 15 Early 2022"]
[White "Ardila, Oscar Humberto"]
[Black "Arbunic Castro, Giovanna"]
[WhiteFideId "4404742"]
[BlackFideId "3400549"]
[WhiteElo "1959"]
[BlackElo "1884"]
[Result "0-1"]
[Round "07"]
[TimeControl "180+1"]
[Date "2022.11.16"]
[WhiteClock "0:00:56"]
[BlackClock "0:00:45"]

1. d4 Nf6 2. c4 g6 3. Nc3 Bg7 4. Nf3 O-O 5. e3 d6 6. Be2 c5 7. O-O Nc6 8. b3 Bg4 9. Bb2 Nd7 10. dxc5 dxc5 11. h3 Bxf3 12. Bxf3 Nde5 13. Be2 Qa5 14. Rc1 Rad8 15. Qc2 Nb4 16. Qb1 Nbd3 17. Rc2 Nxb2 18. Qxb2 Nd3 19. Bxd3 Rxd3 20. Rfc1 Rfd8 21. Kh2 Rxc3 22. Rxc3 Rd3 23. b4 cxb4 24. Rxd3 Bxb2 25. Rc2 Bc3 26. Rd7 Qa4 27. Re2 Qxd7 0-1


[Site "https://www.chess.com"]

[Event "Titled Tuesday Blitz November 15 Early 2022"]
[White "Artemenko, Oleg"]
[Black "Gurvich, Vitaly"]
[WhiteFideId "14201798"]
[BlackFideId "24164852"]
[WhiteElo "2287"]
[BlackElo "2342"]
[Result "0-1"]
[Round "07"]
[TimeControl "180+1"]
[Date "2022.11.16"]
[WhiteClock "0:00:18"]
[BlackClock "0:00:04"]

1. d4 Nf6 2. Nc3 d5 3. Bf4 c6 4. e3 Bf5 5. f3 e6 6. g4 Bg6 7. h4 h5 8. g5 Nfd7 9. Bd3 Bxd3 10. Qxd3 g6 11. Nge2 Bg7 12. e4 Nb6 13. O-O-O O-O 14. Be5 Nc4 15. Bxg7 Kxg7 16. f4 Nd6 17. f5 exf5 18. exf5 Nxf5 19. Nf4 Qd7 20. Rde1 Na6 21. Re5 Nd6 22. Nce2 Rae8 23. Qf3 Qg4 24. Qf2 Ne4 25. Rxe4 Rxe4 26. Rg1 Qd7 27. Nxh5+ gxh5 28. Qf6+ Kg8 29. g6 Rg4 30. g7 Rxg1+ 31. Nxg1 Re8 32. Qh6 f6 33. Nf3 Qf5 34. Qh8+ Kf7 35. Qxe8+ Kxe8 36. g8=Q+ Ke7 37. Qg7+ Kd8 38. Qf8+ Kc7 39. Qe7+ Kb6 40. Nd2 Qf4 41. c3 Nc7 42. a4 a5 43. Kc2 Na6 44. Qd8+ Ka7 45. Qxa5 Qxh4 46. b3 Qg4 47. b4 Qf5+ 48. Kc1 b6 49. b5 bxa5 50. bxc6 Kb6 51. c4 Kc7 52. cxd5 Qf4 53. Kc2 Qd6 54. Ne4 Qxd5 55. Nxf6 Qxc6+ 56. Kd3 Qxf6 57. d5 Kd6 58. Kc4 h4 59. Kb5 Nb4 60. Kb6 Nxd5+ 61. Kb7 Qa1 62. Ka6 Qxa4 63. Kb7 Qb5+ 64. Kc8 Qc6+ 65. Kb8 Qc7+ 66. Ka8 Nb6# 0-1


[Site "https://www.chess.com"]

[Event "Titled Tuesday Blitz November 15 Early 2022"]
[White "Avila Rodriguez, Joshua Ad"]
[Black "Makhmudov, Shukhrat"]
[WhiteFideId "5126444"]
[BlackFideId "14200775"]
[WhiteElo "2125"]
[BlackElo "2135"]
[Result "0-1"]
[Round "07"]
[TimeControl "180+1"]
[Date "2022.11.16"]
[WhiteClock "0:00:05"]
[BlackClock "0:00:15"]

1. e4 e5 2. Nf3 Nc6 3. Bb5 a6 4. Ba4 Nf6 5. O-O Be7 6. Re1 b5 7. Bb3 O-O 8. a4 Rb8 9. axb5 axb5 10. d3 d6 11. Nc3 Bg4 12. h3 Bxf3 13. gxf3 Nd4 14. f4 Nd7 15. Nd5 Nxb3 16. cxb3 f5 17. f3 fxe4 18. dxe4 c6 19. Nxe7+ Qxe7 20. f5 Qh4 21. Kh2 Nf6 22. Rg1 d5 23. Rg2 Rb7 24. Bg5 Qh5 25. Qc2 Qxf3 26. Qxc6 Rbf7 27. Bxf6 Rxf6 28. Qxd5+ Kh8 29. Rag1 Rxf5 30. Rxg7 Qf4+ 31. R1g3 Qf2+ 32. Rg2 Qf4+ 33. R7g3 Rg5 34. Qxb5 Rfg8 35. Qd3 Rh5 36. Qf3 Rxh3+ 37. Kg1 Rhxg3 38. Rxg3 Rxg3+ 0-1


[Site "https://www.chess.com"]

[Event "Titled Tuesday Blitz November 15 Early 2022"]
[White "Baches Garcia, Guillermo"]
[Black "Parpiev, Isaak"]
[WhiteFideId "2209764"]
[BlackFideId "34281576"]
[WhiteElo "2430"]
[BlackElo "2094"]
[Result "1-0"]
[Round "07"]
[TimeControl "180+1"]
[Date "2022.11.16"]
[WhiteClock "0:00:09"]
[BlackClock "0:00:04"]

1. e4 c5 2. Nf3 Nc6 3. d4 cxd4 4. Nxd4 Nf6 5. Nc3 e5 6. Ndb5 d6 7. Nd5 Nxd5 8. exd5 Nb8 9. a4 Be7 10. Be2 O-O 11. Bd2 Nd7 12. a5 a6 13. Na3 f5 14. Nc4 Rb8 15. Bb4 Nf6 16. Nxe5 Ne4 17. Nc4 f4 18. O-O Bf5 19. Bg4 Bg6 20. Be6+ Kh8 21. f3 Ng5 22. Re1 Qc7 23. b3 Rbd8 24. c3 h5 25. Kh1 h4 26. h3 Nxe6 27. Rxe6 Bf5 28. Re2 Bf6 29. Qd2 g5 30. Rae1 Kg7 31. Nb6 Rf7 32. c4 Rh8 33. Bc3 Bxc3 34. Qxc3+ Kh7 35. Re8 Rxe8 36. Rxe8 Rg7 37. Qf6 Bg6 38. Rc8 Qf7 39. Qxg5 Bf5 40. Qxh4+ Kg6 41. Rh8 Qe8 42. Rh6+ Kf7 43. Rf6+ Kg8 44. Rxf5 Qe2 45. Rg5 Qd1+ 46. Kh2 Qd2 47. Rxg7+ Kxg7 48. Qg4+ Kf6 49. Nd7+ Ke7 50. Qe6+ Kd8 51. Nf6 Kc7 52. Qd7+ Kb8 53. Qxd6+ Ka8 54. Qe6 Qc3 55. d6 Qe1 56. Ne4 Qe2 57. d7 Ka7 58. d8=Q b5 59. Qd4+ Kb7 60. Qe7+ Kc8 61. Qdd8# 1-0


[Site "https://www.chess.com"]

[Event "Titled Tuesday Blitz November 15 Early 2022"]
[White "Bacrot, Etienne"]
[Black "Jobava, Baadur"]
[WhiteFideId "605506"]
[BlackFideId "13601520"]
[WhiteElo "2666"]
[BlackElo "2582"]
[Result "1-0"]
[Round "07"]
[TimeControl "180+1"]
[Date "2022.11.15"]
[WhiteClock "0:00:13"]
[BlackClock "0:00:20"]

1. Nf3 d5 2. g3 c6 3. Bg2 Bf5 4. O-O e6 5. d3 Nf6 6. b3 Be7 7. Bb2 h6 8. Nbd2 O-O 9. Re1 Bh7 10. e4 Re8 11. Qe2 a5 12. a3 Na6 13. Rad1 Nc5 14. Ne5 Nfd7 15. Ng4 Bf8 16. h4 f5 17. Ne5 Nxe5 18. Bxe5 Nd7 19. Bb2 f4 20. e5 a4 21. b4 c5 22. bxc5 Bxc5 23. d4 Qb6 24. Nc4 dxc4 25. dxc5 Qxb2 26. Rxd7 fxg3 27. Qg4 gxf2+ 28. Kh2 g6 29. Qf4 Rf8 30. Qxh6 Rf7 31. Rxf7 Kxf7 32. Qxh7+ Ke8 33. Qxg6+ Kd7 34. Qf7+ Kc8 35. Qf8+ Kc7 36. Qd6+ Kc8 37. Qxe6+ Kb8 38. Qd6+ Ka7 39. Qb6+ Qxb6 40. cxb6+ Kxb6 41. Rf1 1-0


[Site "https://www.chess.com"]

[Event "Titled Tuesday Blitz November 15 Early 2022"]
[White "Begunov, Konstantin"]
[Black "Dias, Joao Batista"]
[WhiteFideId "4118510"]
[BlackFideId "2108240"]
[WhiteElo "2140"]
[BlackElo "1898"]
[Result "1-0"]
[Round "07"]
[TimeControl "180+1"]
[Date "2022.11.16"]
[WhiteClock "0:00:16"]
[BlackClock "0:00:04"]

1. d4 d5 2. c4 c6 3. Nc3 Nf6 4. Nf3 Bf5 5. cxd5 cxd5 6. Qb3 e6 7. Qxb7 Nbd7 8. e3 Be7 9. Qa6 O-O 10. Bd3 Bxd3 11. Qxd3 Rb8 12. O-O Qc7 13. b3 h6 14. Bb2 Rfc8 15. Rfc1 Qb6 16. Na4 Qd8 17. Qa6 Rc7 18. Rxc7 Qxc7 19. Rc1 Qb7 20. Qxb7 Rxb7 21. Rc8+ Kh7 22. h3 Ne4 23. Kf1 g5 24. Ke2 Kg7 25. Nc5 Ndxc5 26. dxc5+ Bf6 27. c6 Rb6 28. Nd4 Nd6 29. Ra8 a6 30. c7 Kg6 31. c8=Q Nxc8 32. Rxc8 a5 33. Ra8 e5 34. Nf3 Rc6 35. Kd2 Kf5 36. Rxa5 Rd6 37. Rb5 h5 38. a4 g4 39. hxg4+ hxg4 40. Ne1 Ke4 41. a5 Bg5 42. Rb6 Rd7 43. g3 d4 44. Ke2 d3+ 45. Kd2 f5 46. Rb4+ Kd5 47. Nxd3 f4 48. gxf4 exf4 49. Nxf4+ Bxf4 50. Rxf4 Kc5+ 51. Kc2 Kb5 52. Bc3 Rg7 53. b4 Rg6 54. Kb3 g3 55. Rf5+ Ka6 56. b5+ Kb7 57. Rf7+ Kb8 58. fxg3 Rg5 59. Kc4 1-0


[Site "https://www.chess.com"]

[Event "Titled Tuesday Blitz November 15 Early 2022"]
[White "Boros, Denes"]
[Black "Bluebaum, Matthias"]
[WhiteFideId "722340"]
[BlackFideId "24651516"]
[WhiteElo "2464"]
[BlackElo "2633"]
[Result "0-1"]
[Round "07"]
[TimeControl "180+1"]
[Date "2022.11.15"]
[WhiteClock "0:00:15"]
[BlackClock "0:00:09"]

1. Nf3 d5 2. d4 Nf6 3. Nc3 Bf5 4. Nh4 e6 5. Bg5 Bb4 6. Nxf5 exf5 7. e3 h6 8. Bxf6 Qxf6 9. a3 Bxc3+ 10. bxc3 O-O 11. Bd3 f4 12. O-O fxe3 13. fxe3 Qe6 14. Qf3 Nd7 15. e4 dxe4 16. Bxe4 c6 17. Rae1 Qd6 18. Bd3 Nf6 19. Kh1 Rae8 20. Rb1 Re7 21. a4 b6 22. a5 c5 23. Rbd1 bxa5 24. Bc4 Qc7 25. Bb5 cxd4 26. cxd4 Qxc2 27. d5 Rd8 28. Bc6 Re5 29. Qa3 Ng4 30. Qg3 Rg5 31. Rc1 Qb2 32. Rb1 Qe5 33. Qxe5 Nxe5 34. Rb7 Rg6 35. Rxa7 Nxc6 36. dxc6 Rxc6 37. Rxa5 Rc2 38. Ra3 Rdd2 39. Rg3 g6 40. h3 Kg7 41. Kh2 h5 42. Rf4 Rd5 43. h4 Rcd2 44. Rgf3 Rd7 45. Kh3 Rd1 46. Rf1 R1d3+ 47. Kh2 R3d5 48. R1f2 Re5 49. Rf1 Re6 50. R1f2 f6 51. R2f3 Rd2 52. Rf2 Rd3 53. R4f3 Rd5 54. Rf4 Red6 55. R4f3 Re5 56. Rg3 Rd4 57. Rh3 Ree4 58. g3 Re3 59. Kg2 Rdd3 60. Kh2 f5 61. Kg2 Kf6 62. Kh2 Ke5 63. Kg2 Ra3 64. Kh2 Ke4 65. Kg2 Kd4 66. Rf4+ Kd3 67. Rf2 Rc3 68. Rh1 Ke4 69. Rh3 Rcd3 70. Kh2 Rd1 71. Kg2 Rde1 72. Rh2 R3e2 73. Kh3 Ke3 74. Rf4 Rxh2+ 75. Kxh2 Re2+ 76. Kh3 Rf2 77. Rb4 Rf1 78. Kg2 Rf2+ 79. Kh3 Ra2 80. Rb6 Kf2 81. Rxg6 Kg1 82. g4 Ra3# 0-1


[Site "https://www.chess.com"]

[Event "Titled Tuesday Blitz November 15 Early 2022"]
[White "Bortnyk, Olexandr"]
[Black "Grandelius, Nils"]
[WhiteFideId "14120828"]
[BlackFideId "1710400"]
[WhiteElo "2723"]
[BlackElo "2617"]
[Result "1-0"]
[Round "07"]
[TimeControl "180+1"]
[Date "2022.11.15"]
[WhiteClock "0:00:02"]
[BlackClock "0:00:03"]

1. d4 d5 2. Nc3 Nf6 3. Bf4 Bf5 4. e3 e6 5. Nf3 Bd6 6. Ne5 Nfd7 7. Bd3 Bxd3 8. Nxd3 Bxf4 9. Nxf4 c5 10. Qg4 O-O 11. O-O Nf6 12. Qh4 cxd4 13. exd4 Qb6 14. Nd3 Nc6 15. Ne2 Nb4 16. Ne1 Nc6 17. Nd3 Nb4 18. Ne1 Nc6 19. Rb1 Qa6 20. Nd3 Qxa2 21. Ra1 Qc4 22. Rfc1 Ne7 23. b3 Qc7 24. f3 a5 25. Qf2 a4 26. bxa4 Rfc8 27. Qg3 Qc4 28. Qe1 Rxa4 29. Nb2 Rxa1 30. Nxc4 Rxc1 31. Qxc1 Rxc4 32. Qb2 Ng6 33. c3 Rc7 34. Qb6 Re7 35. Nc1 e5 36. Nd3 exd4 37. cxd4 h5 38. Kf2 h4 39. g3 hxg3+ 40. hxg3 Re8 41. Qxb7 Re7 42. Qb6 Re6 43. Qb5 Re8 44. Qc6 Rb8 45. g4 Re8 46. g5 Re6 47. Qa8+ Re8 48. Qa4 1-0


[Site "https://www.chess.com"]

[Event "Titled Tuesday Blitz November 15 Early 2022"]
[White "Broca Jimenez, Fernando"]
[Black "Rosh Jain"]
[WhiteFideId "5104742"]
[BlackFideId "25789465"]
[WhiteElo "2062"]
[BlackElo "2233"]
[Result "0-1"]
[Round "07"]
[TimeControl "180+1"]
[Date "2022.11.16"]
[WhiteClock "0:00:07"]
[BlackClock "0:00:21"]

1. e4 c5 2. c3 d5 3. exd5 Qxd5 4. d4 Nf6 5. Nf3 e6 6. Be2 Nc6 7. O-O Be7 8. Bg5 O-O 9. Na3 b6 10. Nc2 Bb7 11. dxc5 Qxc5 12. Be3 Qd5 13. Qxd5 Nxd5 14. Rfd1 Rfd8 15. Bg5 f6 16. Bh4 Rac8 17. Ncd4 Nxd4 18. Rxd4 Bc5 19. Rd2 Nf4 20. Rxd8+ Rxd8 21. Kf1 Nxe2 22. Kxe2 Bxf3+ 23. gxf3 e5 24. Bg3 g5 25. h4 h6 26. hxg5 hxg5 27. Bh2 Kf7 28. Rg1 Ke6 29. Rg4 Kf5 30. Re4 Rh8 31. Bg3 Rh1 32. b4 Bd6 33. a4 Ra1 34. b5 Bc5 35. Rc4 Ra2+ 36. Kf1 Rc2 37. Kg2 Ke6 38. Rg4 Rxc3 39. Bh2 Rc2 40. Bg1 Rb2 41. Rc4 Kd5 42. Rc1 Rb4 43. Rd1+ Bd4 44. Ra1 Bxa1 0-1


[Site "https://www.chess.com"]

[Event "Titled Tuesday Blitz November 15 Early 2022"]
[White "Budrewicz, Krzysztof"]
[Black "Gheorghiu, Calin"]
[WhiteFideId "1127950"]
[BlackFideId "1200305"]
[WhiteElo "2187"]
[BlackElo "2225"]
[Result "0-1"]
[Round "07"]
[TimeControl "180+1"]
[Date "2022.11.16"]
[WhiteClock "0:00:03"]
[BlackClock "0:00:15"]

1. d4 Nf6 2. c4 e6 3. Nf3 Bb4+ 4. Bd2 Qe7 5. g3 O-O 6. Bg2 Bxd2+ 7. Qxd2 d6 8. O-O e5 9. Nc3 c6 10. Rad1 e4 11. Ne1 d5 12. cxd5 cxd5 13. Nc2 Nc6 14. Ne3 Rd8 15. h3 Be6 16. Rc1 Rac8 17. Rfd1 Qd7 18. Kh2 Ne7 19. b4 h5 20. Qb2 h4 21. Qa3 a6 22. Qa4 Qd6 23. Qb3 Nh5 24. Nf1 Nf5 25. Na4 e3 26. Rxc8 Rxc8 27. Nxe3 hxg3+ 28. Kh1 gxf2 29. Nxf5 Bxf5 30. Bf3 Bc2 31. Qe3 Bxd1 32. Qxf2 Ng3+ 33. Kg2 Bxa4 34. Qxg3 Qxg3+ 35. Kxg3 Rc2 36. a3 Bc6 37. Kf4 Rc3 38. Ke5 Rxa3 39. Kd6 Rxf3 40. exf3 Kf8 41. f4 Ke8 42. h4 0-1


[Site "https://www.chess.com"]

[Event "Titled Tuesday Blitz November 15 Early 2022"]
[White "Buscar, Michael"]
[Black "Flis, Pawel"]
[WhiteFideId "2603616"]
[BlackFideId "1112864"]
[WhiteElo "2010"]
[BlackElo "1817"]
[Result "1-0"]
[Round "07"]
[TimeControl "180+1"]
[Date "2022.11.16"]
[WhiteClock "0:00:01"]
[BlackClock "0:00:02"]

1. d4 c5 2. e3 Nf6 3. Nf3 g6 4. Be2 Bg7 5. O-O O-O 6. c3 b6 7. a3 d6 8. b4 Bb7 9. Bb2 Nbd7 10. Nbd2 Rc8 11. a4 cxb4 12. cxb4 Nd5 13. Qb3 N7f6 14. a5 Qd7 15. a6 Ba8 16. b5 Rc7 17. Rfc1 Rfc8 18. Ng5 h6 19. Nge4 Nxe4 20. Nxe4 Nf4 21. Bf3 Bxe4 22. Rxc7 Qxc7 23. Bxe4 Ne6 24. Bc6 Nd8 25. Rc1 Qb8 26. d5 Bxb2 27. Qxb2 f6 28. Qb1 Kg7 29. e4 Nf7 30. f4 g5 31. g3 h5 32. Kf2 gxf4 33. gxf4 Kh6 34. Rg1 Rg8 35. Qd1 Qc8 36. f5 Qf8 37. Bd7 Ne5 38. Be6 Rxg1 39. Qxg1 Qg7 40. Qc1+ Qg5 41. Qc8 Qf4+ 42. Ke1 Qxe4+ 43. Kd1 Qd3+ 44. Kc1 Kg5 45. Qg8+ Kf4 46. Qg2 Qc3+ 47. Kb1 Nf3 48. Qg3+ Ke3 49. Bd7 1-0


[Site "https://www.chess.com"]

[Event "Titled Tuesday Blitz November 15 Early 2022"]
[White "Calcada, Lucas Galvan"]
[Black "Pino Perez, Lazaro"]
[WhiteFideId "22746099"]
[BlackFideId "3517055"]
[WhiteElo "1523"]
[BlackElo "2170"]
[Result "1-0"]
[Round "07"]
[TimeControl "180+1"]
[Date "2022.11.16"]
[WhiteClock "0:00:46"]
[BlackClock "0:00:09"]

1. d4 d5 2. c4 e6 3. Nf3 Nf6 4. Bg5 Be7 5. e3 h6 6. Bh4 O-O 7. Nc3 Nbd7 8. Rc1 c5 9. cxd5 Nxd5 10. Bxe7 Nxe7 11. Bd3 b6 12. O-O Bb7 13. Qe2 cxd4 14. exd4 Nf6 15. Rfd1 Rc8 16. Ne5 Ned5 17. Bb1 Nxc3 18. bxc3 Qd5 19. f3 Rfd8 20. Qd3 b5 21. Rd2 h5 22. Rcd1 Rc7 23. a4 a6 24. Ba2 Qd6 25. axb5 axb5 26. Qxb5 Ba6 27. Qa5 Rdc8 28. c4 Nd7 29. c5 1-0


[Site "https://www.chess.com"]

[Event "Titled Tuesday Blitz November 15 Early 2022"]
[White "Carroll, Thomas"]
[Black "Clawitter, Craig"]
[WhiteFideId "450111"]
[BlackFideId "2023105"]
[WhiteElo "1950"]
[BlackElo "2198"]
[Result "1-0"]
[Round "07"]
[TimeControl "180+1"]
[Date "2022.11.16"]
[WhiteClock "0:00:23"]
[BlackClock "0:00:03"]

1. d4 e6 2. e4 d5 3. Nd2 Be7 4. Ngf3 Nf6 5. e5 Nfd7 6. Bd3 c5 7. c3 Nc6 8. O-O a5 9. Re1 cxd4 10. cxd4 Qb6 11. a3 g5 12. Nf1 g4 13. Ng5 h6 14. Nxf7 Kxf7 15. Qxg4 Qxd4 16. Qg6+ Kf8 17. Bxh6+ Rxh6 18. Qxh6+ Ke8 19. Bg6+ Kd8 20. Bf7 Ndxe5 21. Bxe6 Kc7 22. Rad1 Nd3 23. Re2 Ra6 24. Bxc8 Nce5 25. Qh3 Rg6 26. Rxd3 Nxd3 27. Qd7+ Kb6 28. Qxb7+ Kc5 29. Rc2+ Kd6 30. Rc6+ Ke5 31. Qxe7+ Kf4 32. Qe3+ Qxe3 33. fxe3+ Kg5 34. h4+ 1-0


[Site "https://www.chess.com"]

[Event "Titled Tuesday Blitz November 15 Early 2022"]
[White "Chernov, Mikhail"]
[Black "Omariev, Maksim"]
[WhiteFideId "24143170"]
[BlackFideId "4193423"]
[WhiteElo "2113"]
[BlackElo "2520"]
[Result "1-0"]
[Round "07"]
[TimeControl "180+1"]
[Date "2022.11.16"]
[WhiteClock "0:00:07"]
[BlackClock "0:00:02"]

1. e4 c5 2. Nf3 d6 3. d4 cxd4 4. Nxd4 Nf6 5. Nc3 a6 6. Bc4 e6 7. Bb3 b5 8. Bg5 Nbd7 9. Qe2 Nc5 10. O-O-O Qc7 11. Bxf6 gxf6 12. Rhe1 Bd7 13. Kb1 b4 14. Nd5 exd5 15. exd5+ Kd8 16. Nc6+ Kc8 17. Nxb4 a5 18. Nc6 a4 19. Bc4 a3 20. b3 f5 21. Qf3 Bg7 22. Ne7+ Kb7 23. Nxf5 Be5 24. Rxe5 dxe5 25. d6+ Bc6 26. dxc7 Bxf3 27. gxf3 Kxc7 28. Rd5 Nd7 29. Bb5 Rhd8 30. c4 f6 31. Ne3 Nb6 32. Rxd8 Rxd8 33. Kc2 Rd4 34. b4 Rh4 35. Kb3 Rxh2 36. c5 Nc8 37. Nd5+ Kb7 38. Bd7 Na7 39. b5 Nxb5 40. Bxb5 Rxf2 41. Bd7 Rxf3+ 42. Kb4 Rf2 43. c6+ Ka7 44. c7 Rc2 45. Nc3 Rb2+ 46. Kc5 Rb8 47. cxb8=Q+ Kxb8 48. Bf5 h5 49. Kb4 Kc7 50. Ne4 h4 51. Nxf6 Kb6 52. Ne4 Kc6 53. Kxa3 Kd5 54. Kb4 Kd4 55. a4 h3 56. Bxh3 Kxe4 57. a5 Kd5 58. a6 Kc6 59. Ka5 Kc7 60. Bg2 Kb8 61. Kb6 e4 62. a7+ Ka8 63. Bxe4# 1-0


[Site "https://www.chess.com"]

[Event "Titled Tuesday Blitz November 15 Early 2022"]
[White "Concio, Michael Jr."]
[Black "Golubova, Anna"]
[WhiteFideId "5217873"]
[BlackFideId "24173606"]
[WhiteElo "2236"]
[BlackElo "2047"]
[Result "1-0"]
[Round "07"]
[TimeControl "180+1"]
[Date "2022.11.16"]
[WhiteClock "0:01:04"]
[BlackClock "0:00:09"]

1. e4 g6 2. d4 Bg7 3. Be3 d6 4. Qd2 a6 5. Nc3 b5 6. a3 Bb7 7. h4 h5 8. f3 Nd7 9. Nh3 Nb6 10. Nf4 Qd7 11. d5 Nc4 12. Bxc4 bxc4 13. Bd4 Nf6 14. O-O-O c6 15. dxc6 Bxc6 16. e5 dxe5 17. Bxe5 Qb7 18. Nfd5 O-O 19. Rhe1 Nxd5 20. Bxg7 Kxg7 21. Nxd5 Bxd5 22. Qxd5 Qxd5 23. Rxd5 e6 24. Rd7 Kf6 25. Re4 Rac8 26. Kd2 Rc5 27. Kc3 Rb8 28. Rf4+ Ke5 29. Rfxf7 Rcb5 30. Rd4 Rd5 31. Rxc4 Rd1 32. f4+ Kd6 33. Ra7 Rg1 34. Rxa6+ Ke7 35. Rc7+ Kf6 36. Raa7 Rf8 37. b4 Rxg2 38. b5 e5 39. fxe5+ Kxe5 40. b6 Rf3+ 41. Kb4 Rg4+ 42. c4 Kd6 43. Rf7 Rxf7 44. Rxf7 Rg1 45. c5+ Kc6 46. Rc7+ Kd5 47. b7 g5 48. Ka5 Rb1 49. c6 Kc5 50. a4 gxh4 51. Rc8 h3 52. b8=Q Rxb8 53. Rxb8 Kxc6 54. Rb3 1-0


[Site "https://www.chess.com"]

[Event "Titled Tuesday Blitz November 15 Early 2022"]
[White "Corrales Jimenez, Fidel"]
[Black "Kosteniuk, Alexandra"]
[WhiteFideId "3506690"]
[BlackFideId "4128125"]
[WhiteElo "2541"]
[BlackElo "2469"]
[Result "0-1"]
[Round "07"]
[TimeControl "180+1"]
[Date "2022.11.16"]
[WhiteClock "0:00:16"]
[BlackClock "0:00:54"]

1. e4 e5 2. Nf3 Nf6 3. Nxe5 d6 4. Nf3 Nxe4 5. Nc3 Nxc3 6. dxc3 Be7 7. Be3 Nd7 8. Qd2 Nf6 9. O-O-O O-O 10. Bd3 c5 11. Kb1 b5 12. Bxb5 Rb8 13. Ba4 Be6 14. b3 Qa5 15. Ka1 Ne4 16. Qe1 Bf6 17. Rd3 Bxc3+ 18. Rxc3 Qxc3+ 19. Qxc3 Nxc3 20. Bc6 Rb6 21. Bd2 Nxa2 22. Kxa2 Rxc6 23. Kb2 Ra6 24. Bf4 Rb8 25. Rd1 Rbb6 26. Ng5 c4 27. b4 Rxb4+ 28. Kc3 Rbb6 29. Ne4 Ra3+ 30. Kd4 Rb5 31. Nc3 Rb6 32. Re1 h6 33. h4 Ra5 34. f3 Rb2 35. Re2 Ra1 36. Bxd6 Rc1 37. Ba3 Rbxc2 38. Bxc1 Rxc1 39. Ra2 Rh1 40. g3 Rh3 41. Ne4 Rh1 42. Rxa7 Rd1+ 43. Ke5 Rd3 44. f4 Rd5# 0-1


[Site "https://www.chess.com"]

[Event "Titled Tuesday Blitz November 15 Early 2022"]
[White "Cramling Bellon, Anna"]
[Black "Vlassov, Nikolai"]
[WhiteFideId "32009232"]
[BlackFideId "4103360"]
[WhiteElo "1972"]
[BlackElo "2324"]
[Result "0-1"]
[Round "07"]
[TimeControl "180+1"]
[Date "2022.11.16"]
[WhiteClock "0:00:04"]
[BlackClock "0:01:25"]

1. d4 Nf6 2. c4 Nc6 3. Nf3 e6 4. d5 exd5 5. cxd5 Bb4+ 6. Nc3 Ne7 7. e4 Nxe4 8. Qd4 Bxc3+ 9. bxc3 Nf6 10. c4 d6 11. Bd3 O-O 12. O-O Bf5 13. Bb2 Qd7 14. Rfe1 Rfe8 15. Bxf5 Qxf5 16. Qh4 Ng6 17. Qg5 Qxg5 18. Nxg5 Rxe1+ 19. Rxe1 Re8 20. Rxe8+ Nxe8 21. g3 Ne5 22. Bxe5 dxe5 23. Kg2 b6 24. Kf3 Nd6 25. c5 bxc5 26. Ke2 c4 27. Kd2 h6 28. Nh3 g5 29. f3 f5 30. Nf2 Kf7 31. Kc3 Kf6 32. a3 h5 33. h3 e4 34. fxe4 Nxe4+ 35. Nxe4+ fxe4 36. Kxc4 Ke5 37. Kc5 e3 38. Kc6 e2 39. Kxc7 Kxd5 0-1


[Site "https://www.chess.com"]

[Event "Titled Tuesday Blitz November 15 Early 2022"]
[White "Csonka, Balazs"]
[Black "Santos Ruiz, Miguel"]
[WhiteFideId "742910"]
[BlackFideId "22291482"]
[WhiteElo "2698"]
[BlackElo "2834"]
[Result "0-1"]
[Round "07"]
[TimeControl "180+1"]
[Date "2022.11.16"]
[WhiteClock "0:00:01"]
[BlackClock "0:00:16"]

1. d4 Nf6 2. c4 c6 3. Nc3 d5 4. cxd5 Nxd5 5. e4 Nxc3 6. bxc3 e5 7. Nf3 Bg4 8. Bc4 Nd7 9. Qb3 Qf6 10. Nxe5 Nxe5 11. dxe5 Qe7 12. h3 Bc8 13. a4 Qxe5 14. Bxf7+ Kd8 15. O-O Bd6 16. Rd1 Kc7 17. Ba3 Bxa3 18. Qxa3 Bd7 19. Rd4 Rhf8 20. Bb3 Rae8 21. Rad1 Bc8 22. a5 g5 23. a6 b6 24. Qa4 h5 25. Rd6 Qxe4 26. Qxe4 Rxe4 27. Rg6 Re5 28. Rg7+ Kb8 29. Rd6 Bxa6 30. Rdd7 Bc8 31. Rxa7 Re1+ 32. Kh2 Rxf2 33. Ba4 Rf6 34. Bc2 Rc1 35. Be4 h4 36. Rac7 Rff1 37. g3 Rf2+ 38. Bg2 Rcc2 0-1


[Site "https://www.chess.com"]

[Event "Titled Tuesday Blitz November 15 Early 2022"]
[White "Deev, Andrei"]
[Black "Adel, Sara"]
[WhiteFideId "4102690"]
[BlackFideId "10616764"]
[WhiteElo "2281"]
[BlackElo "1994"]
[Result "1-0"]
[Round "07"]
[TimeControl "180+1"]
[Date "2022.11.16"]
[WhiteClock "0:00:33"]
[BlackClock "0:00:11"]

1. e4 c6 2. c4 d5 3. cxd5 cxd5 4. exd5 Nf6 5. Nc3 Nxd5 6. Bc4 Be6 7. Qb3 Nxc3 8. Bxe6 fxe6 9. dxc3 Qd7 10. Nf3 Nc6 11. O-O h6 12. Rd1 Qc8 13. Re1 Kf7 14. Bf4 g6 15. Be5 Bg7 16. Bxg7 Kxg7 17. Rxe6 Rf8 18. Rae1 Rf6 19. R6e3 Rb8 20. h3 g5 21. Ne5 Na5 22. Qa3 Qc7 23. Ng4 Rf7 24. Rxe7 Qd8 25. Rxf7+ Kxf7 26. Nxh6+ Kg7 27. Nf5+ Kf6 28. g4 Nc6 29. Qd6+ Qxd6 30. Nxd6 Rh8 31. Kg2 Ne5 32. Ne4+ Kg6 33. Nc5 Nc4 34. b3 Nb6 35. Nxb7 Nd5 36. c4 Nf4+ 37. Kf3 Rxh3+ 38. Ke4 Rh7 39. Kd4 Rxb7 40. c5 Rd7+ 41. Kc4 Nd3 42. Re6+ Kf7 43. Ra6 Nxf2 44. c6 Rc7 45. Kd5 Nxg4 46. Kd6 Rc8 47. Kd7 Rh8 48. Rxa7 Nf6+ 49. Kd6+ Kg6 50. c7 Rc8 51. Ra6 Ne8+ 52. Kd7+ Kf5 53. Kxc8 g4 54. Kd7 Nxc7 55. Kxc7 g3 56. Ra8 1-0


[Site "https://www.chess.com"]

[Event "Titled Tuesday Blitz November 15 Early 2022"]
[White "Dehtiarov, Roman"]
[Black "Stankovic, Ivan G"]
[WhiteFideId "14186640"]
[BlackFideId "902837"]
[WhiteElo "2200"]
[BlackElo "2226"]
[Result "0-1"]
[Round "07"]
[TimeControl "180+1"]
[Date "2022.11.16"]
[WhiteClock "0:00:01"]
[BlackClock "0:00:17"]

1. e4 c5 2. Nc3 Nc6 3. f4 e6 4. Nf3 Nf6 5. e5 Nd5 6. d3 d6 7. Ne4 Be7 8. b3 dxe5 9. fxe5 O-O 10. Bb2 Ne3 11. Qd2 Nf5 12. O-O-O a5 13. a4 Nfd4 14. Kb1 b5 15. axb5 Nxb5 16. d4 Nbxd4 17. Nxd4 cxd4 18. Bxd4 a4 19. Bb5 Nxd4 20. Qxd4 axb3 21. cxb3 Qa5 22. Ba4 Bb7 23. Nd6 Bd5 24. Nc4 Qb4 25. Nb6 Qa3 26. Nxd5 exd5 27. Qb2 Qc5 28. Rc1 Qe3 29. Rhd1 Rfb8 30. Qc2 Rxa4 31. Rd3 Qb6 0-1


[Site "https://www.chess.com"]

[Event "Titled Tuesday Blitz November 15 Early 2022"]
[White "Desideri, Ricardo Maruchi"]
[Black "Liu, Xiangyi"]
[WhiteFideId "2110440"]
[BlackFideId "8605718"]
[WhiteElo "1945"]
[BlackElo "2323"]
[Result "0-1"]
[Round "07"]
[TimeControl "180+1"]
[Date "2022.11.16"]
[WhiteClock "0:01:13"]
[BlackClock "0:01:25"]

1. e4 g6 2. d4 Bg7 3. Nc3 c6 4. Be3 b5 5. a3 a5 6. Qd2 d6 7. h4 h5 8. f3 Nf6 9. Nh3 Ba6 10. Nf2 Qc7 11. g4 b4 12. axb4 axb4 13. Bxa6 bxc3 14. Qxc3 Rxa6 15. Rxa6 Nxa6 16. O-O hxg4 17. Nxg4 Nxg4 18. fxg4 Rxh4 19. Qc4 Rxg4+ 20. Kh1 d5 21. Qxa6 Rh4+ 0-1


[Site "https://www.chess.com"]